 Dungeon Crawl Stone Soup version 0.23.1 (webtiles) character file.

Game seed: 3185284263458066876

103124 vishdafish the Blocker (level 16, 0/127 HPs)
             Began as a Gnoll Fighter on Mar 5, 2019.
             Was an Initiate of Gozag.
             Slain by a gargoyle
             ... wielding a +0 flail
              (6 damage)
             ... while paralysed by a sphinx
             ... on level 13 of the Dungeon.
             The game lasted 00:45:36 (22699 turns).

vishdafish the Blocker (Gnoll Fighter)             Turns: 22699, Time: 00:45:37

Health: 0/127      AC: 15    Str: 33    XL:     16   Next: 35%
Magic:  39/39      EV:  2    Int: 11    God:    Gozag
Gold:   3733       SH:  0    Dex: 19    Spells: 36/36 levels left

rFire    . . .     SeeInvis .   L - +9 sword of Zonguldrok {reap}
rCold    . . .     Gourm    .   c - +5 shield of the Moon {Str+3}
rNeg     . . .     Faith    .   u - +5 ring mail of Contentment {*Drain +Inv MP+9 Slay+5}
rPois    .         Spirit   .   (helmet restricted)
rElec    .         Reflect  .   G - +0 cloak {+Inv}
rCorr    .         Harm     .   N - +0 pair of fencer's gloves {Riposte Dex+3}
MR       +....                  (no boots)
Stlth    +.........             T - amulet of regeneration
HPRegen  0.71/turn              z - +4 ring of strength
MPRegen  0.26/turn              I - +4 ring of evasion

@: confused, paralysed
A: distributed training, fangs 1, horns 1, strong 1, strong nose
a: Potion Petition, Call Merchant, Bribe Branch, Renounce Religion, Evoke
Invisibility


You were on level 13 of the Dungeon.
You worshipped Gozag.
Gozag was most pleased with you.
You were full.

You visited 3 branches of the dungeon, and saw 21 of its levels.
You visited the Abyss 1 time.
You also visited: Sewer and Gauntlet.

You collected 9654 gold pieces.
You spent 2303 gold pieces at shops.
You paid 3618 gold pieces to Gozag.

Inventory:

Hand Weapons
 L - the +9 sword of Zonguldrok (weapon) {reap}
   (You found it in a Gauntlet)

   If a monster killed with it leaves a corpse in good enough shape, the corpse
   will be animated as a zombie friendly to the killer.
 S - the +10 war axe of the Asp {freeze, *Contam rElec rC+++ Int+3}
   (You found it on level 11 of the Dungeon)

   It has been specially enchanted to freeze those struck by it, causing extra
   injury to most foes and up to half again as much damage against particularly
   susceptible opponents.
   It can also slow down cold-blooded creatures.
   It affects your intelligence (+3).
   It renders you almost immune to cold.
   It insulates you from electricity.
   It causes magical contamination when unequipped.
Missiles
 d - 7 javelins of returning
 i - 30 javelins (quivered)
 y - 2 throwing nets
Armour
 c - the +5 shield of the Moon (worn) {Str+3}
   (You bought it in a shop on level 12 of the Dungeon)

   It affects your strength (+3).
 u - the +5 ring mail of Contentment (worn) {*Drain +Inv MP+9 Slay+5}
   (You found it on level 4 of the Dungeon)

   It affects your accuracy and damage with ranged weapons and melee attacks
   (+5).
   It affects your magic capacity (+9).
   It lets you turn invisible.
   It causes draining when unequipped.
 G - a +0 cloak of invisibility (worn)
 N - the +0 pair of fencer's gloves (worn) {Riposte Dex+3}
   (You found it in a Gauntlet)

   It affects your dexterity (+3).
 Y - a +1 helmet
Jewellery
 p - the cursed ring of Xom's Absentmindedness {rF+ rN++ EV-3 Str+2 SInv}
   (You found it on level 5 of the Lair of Beasts)

   [ring of evasion]

   It affects your evasion (-3).
   It affects your strength (+2).
   It protects you from fire.
   It greatly protects you from negative energy.
   It lets you see invisible.
   It has a curse placed upon it.
 z - a +4 ring of strength (left hand)
 I - a +4 ring of evasion (right hand)
 T - an amulet of regeneration (around neck)
Wands
 b - a wand of acid (15)
 w - a wand of paralysis (7)
 J - a wand of flame (22)
 U - a wand of disintegration (16)
 V - a wand of iceblast (16)
 X - a wand of scattershot (4)
Scrolls
 e - 20 scrolls of remove curse
 g - 11 scrolls of teleportation
 k - 2 scrolls of silence
 l - 5 scrolls of enchant weapon
 n - a scroll of summoning
 q - 5 scrolls of fear
 r - 4 scrolls of blinking
 s - 4 scrolls of immolation
 t - 5 scrolls of magic mapping
 A - 3 scrolls of enchant armour
 D - a scroll of vulnerability {unknown}
 M - 3 scrolls of acquirement {unknown}
 O - 2 scrolls of amnesia {unknown}
 P - 2 scrolls of fog {unknown}
Potions
 a - a potion of brilliance
 h - 7 potions of degeneration
 j - 8 potions of curing
 o - a potion of flight
 v - 2 potions of heal wounds
 x - 3 potions of might
 B - 4 potions of agility
 C - 3 potions of haste
 E - a potion of magic
 F - 2 potions of cancellation
 Q - a potion of lignification {unknown}
 R - 3 potions of berserk rage
 W - 2 potions of invisibility
 Z - 3 potions of resistance
Comestibles
 f - 15 rations


   Skills:
 + Level 12.2 Fighting
 + Level 10.5 Short Blades
 + Level 11.4 Long Blades
 + Level 10.5 Axes
 + Level 10.5 Maces & Flails
 + Level 10.5 Polearms
 + Level 10.5 Staves
 + Level 10.5 Slings
 + Level 10.5 Bows
 + Level 10.5 Crossbows
 + Level 10.5 Throwing
 + Level 12.2 Armour
 + Level 10.5 Dodging
 + Level 10.5 Stealth
 + Level 12.2 Shields
 + Level 10.5 Unarmed Combat
 + Level 10.5 Spellcasting
 + Level 9.0 Conjurations
 + Level 9.0 Hexes
 + Level 9.0 Charms
 + Level 9.0 Summonings
 + Level 9.0 Necromancy
 + Level 9.0 Translocations
 + Level 9.0 Transmutations
 + Level 9.0 Fire Magic
 + Level 9.0 Ice Magic
 + Level 9.0 Air Magic
 + Level 9.0 Earth Magic
 + Level 9.0 Poison Magic
   Level 11.4 Invocations
 + Level 10.5 Evocations


You had 36 spell levels left.
You didn't know any spells.
Your spell library contained the following spells:

 Spells                   Type           Power        Failure   Level  Hunger
 Beastly Appendage        Tmut           ####..       1%          1    None
 Freeze                   Ice            ####         1%          1    None
 Sandblast                Erth           ####..       1%          1    None
 Shock                    Conj/Air       ####         1%          1    None
 Sting                    Conj/Pois      ####         1%          1    None
 Blink                    Tloc           N/A          1%          2    None
 Passwall                 Tmut/Erth      ####....     1%          2    None
 Poisonous Vapours        Pois/Air       ####..       1%          2    None
 Shroud of Golubria       Chrm/Tloc      ####......   1%          2    None
 Sticks to Snakes         Tmut           ####....     1%          2    None
 Swiftness                Chrm/Air       ####....     1%          2    None
 Throw Frost              Conj/Ice       ####..       1%          2    None
 Gell's Gravitas          Tloc           ####......   1%          3    ##.....
 Lesser Beckoning         Tloc           ####......   1%          3    ##.....
 Mephitic Cloud           Conj/Pois/Air  ####....     1%          3    ##.....
 Ozocubu's Armour         Chrm/Ice       ####....     1%          3    ##.....
 Recall                   Summ/Tloc      N/A          1%          3    ##.....
 Regeneration             Chrm/Necr      ####......   1%          3    ##.....
 Spider Form              Tmut/Pois      ####......   1%          3    ##.....
 Static Discharge         Conj/Air       ####....     1%          3    ##.....
 Stone Arrow              Conj/Erth      ####..       1%          3    ##.....
 Teleport Other           Tloc           ####....     1%          3    ##.....
 Airstrike                Air            ####......   5%          4    ####...
 Animate Dead             Necr           N/A          5%          4    ####...
 Ice Form                 Ice/Tmut       ####....     5%          4    ####...
 Olgreb's Toxic Radiance  Pois           ####....     5%          4    ####...
 Passage of Golubria      Tloc           N/A          5%          4    ####...
 Petrify                  Tmut/Erth      ####....     5%          4    ####...
 Summon Ice Beast         Ice/Summ       ####....     5%          4    ####...
 Throw Icicle             Conj/Ice       ####....     5%          4    ####...
 Blade Hands              Tmut           ####......   16%         5    #####..
 Borgnjor's Vile Clutch   Necr/Erth      ####......   16%         5    #####..
 Irradiate                Conj/Tmut      ####......   16%         5    #####..
 Lee's Rapid Deconstruct  Erth           ####......   16%         5    #####..
 Lightning Bolt           Conj/Air       ####......   16%         5    #####..
 Venom Bolt               Conj/Pois      ####......   16%         5    #####..
 Death Channel            Necr           ####......   65%         6    #######
 Hydra Form               Tmut           ####......   65%         6    #######
 Simulacrum               Ice/Necr       ####......   65%         6    #######
 Statue Form              Tmut/Erth      ####.....    65%         6    #######
 Dragon Form              Tmut           ####......   99%         7    #######
 Ring of Flames           Chrm/Fire      ####......   99%         7    #######


Dungeon Overview and Level Annotations

Branches:
Dungeon (13/15)            Temple (0/1) D:4            Lair (6/6) D:8
 Shoals (0/4) Lair:4        Snake (0/4) Lair:3        Slime (0/5) Lair:6
    Orc (2/2) D:12            Elf (0/3) Orc:2
 Vaults: D:13-14

Altars:
Ashenzari
Gozag
Nemelex Xobeh
Okawaru
Ru
Xom
Beogh
Jiyva

Shops:
D:11 (   D:12 ![[[   Orc:2 (*%*   Lair:5 *

Portals:
Trove: D:12 (give 7 potions of agility)

Annotations:
D:13 1 transporter


Innate Abilities, Weirdness & Mutations

Your experience applies equally to all skills.
You have very sharp teeth.
Your uncanny sense of smell can sniff out nearby items.
You have a pair of small horns on your head.
Your muscles are strong. (Str +2)


Message History

The kobold demonologist casts a spell.
The efreet hits you with a +3 scimitar of flaming!
* * * LOW HITPOINT WARNING * * *
The efreet burns you.
* * * LOW HITPOINT WARNING * * *
The sphinx casts a spell.
You are confused.
The gargoyle hurls a stone arrow at you.
The stone arrow hits you.
* * * LOW HITPOINT WARNING * * *
The kobold demonologist casts a spell.
The sphinx hits you!
* * * LOW HITPOINT WARNING * * *
The sphinx hits you but does no damage. x2
The efreet gestures at you. The bolt of fire hits you.
* * * LOW HITPOINT WARNING * * *
The gargoyle hits you with a +0 flail.
You die...
Your body crumbles into a pile of gold.

......<...$(..##.##............
..........$$......##....(......
.........#.......(.......(......
...........#########.....(......
#(........##.O.....##.#.........
#.........#8.#...#.8#...........
..........#...#.#5..#...#(......
.......#..#!....H5..#...#.......
.........©#....@RZK.#©..........
.....#....#$....943.#...........
....##....#...#.#5.5#...........
....##....#8.#...#.8#........
..........##©......##........
...........#########.........
................)............
.....##........###...........
..... #............#.......


You could see a sphinx, a kobold demonologist, a smoke demon, an efreet, a chaos
spawn, a gargoyle, 2 white imps, 2 ufetubi and a centaur warrior zombie.

Vanquished Creatures
  Gastronok (Lair:2)
  A tentacled starspawn (Abyss:2)
  The ghost of Tolax the Fighter, a journeyman OgTm of Okawaru (Orc:1)
  An orc warlord (Orc:2)
  A stone giant (Orc:1)
  The ghost of Kaapibboa the Black Belt, a journeyman TeMo of Makhleb (Orc:1)
  A minotaur (Gauntlet)
  Azrael (Orc:2)
  The ghost of HEYYEYAAE the Quickloader, a journeyman OpHu of Okawaru (D:13)
  8 hydras
  An anaconda (Lair:5)
  A catoblepas (Lair:5)
  8 two-headed ogres
  3 thrashing horrors
  An orc high priest (Orc:1)
  7 death yaks
  13 spriggans (Lair:6)
  2 sixfirhies (Gauntlet)
  An unseen horror (D:12)
  Pikel (D:4)
  A wolf spider zombie (D:13)
  2 orc knights
  A deep elf mage (D:13)
  13 orc sorcerers
  2 ugly things (D:13)
  4 oklob plants
  A manticore (Lair:6)
  7 cyclopes
  12 black mambas
  16 elephants
  An eye of devastation (shapeshifter) (D:12)
  A rust devil (Gauntlet)
  22 spiny frogs
  A smoke demon (D:7)
  A large abomination (D:10)
  Psyche (D:9)
  6 komodo dragons
  4 rime drakes
  A merfolk (Lair:4)
  9 polar bears
  7 hornets
  Prince Ribbit (D:7)
  6 trolls
  5 blink frogs (Lair:3)
  8 slime creatures
  2 dream sheep (Lair:6)
  11 hippogriffs
  A wraith (D:10)
  2 ynoxinuls (Gauntlet)
  43 yaks
  A wyvern (Lair:1)
  5 fire elementals (Orc:2)
  The ghost of Trampli the Chopper, an amateur HOFi (D:3)
  2 basilisks
  A steam dragon (D:12)
  6 wargs (Orc:2)
  2 acid dragons (D:13)
  2 nagas (Lair:3)
  2 hell hounds (Orc:2)
  15 water moccasins
  9 porcupines
  27 orc warriors
  Duvessa (D:7)
  5 black bears
  5 ice beasts
  5 phantoms
  24 wolves (Lair:6)
  3 boggarts (Lair:6)
  16 ogres
  2 necrophages
  3 sky beasts (D:7)
  7 centaurs
  8 crocodiles
  5 big kobolds
  Blork the orc (D:5)
  10 bullfrogs
  2 wyvern zombies
  Dowan (D:7)
  A wyvern skeleton (D:13)
  A water moccasin skeleton (D:5)
  4 scorpions
  22 killer bees
  4 wights (D:13)
  An electric eel (Lair:1)
  4 howler monkeys
  6 crimson imps
  6 centaur zombies
  10 jellies
  3 bullfrog zombies
  2 quasits
  5 hounds
  2 bullfrog skeletons
  19 orc priests
  58 orc wizards
  5 iron imps (Gauntlet)
  6 centaur skeletons
  4 iguanas
  18 worker ants
  A killer bee zombie (D:10)
  2 small abominations
  A hound skeleton (D:7)
  2 worker ant zombies
  2 howler monkey zombies
  3 river rats (Sewer)
  11 adders
  13 gnolls
  2 shadow imps
  15 oozes
  An adder zombie (D:9)
  An adder skeleton (D:9)
  6 worms
  4 dart slugs
  8 leopard geckos
  131 orcs
  10 bats
  10 giant cockroaches
  9 goblins
  5 hobgoblins
  10 jackals
  24 kobolds
  6 quokkas
  7 ball pythons
  14 frilled lizards
  A jackal skeleton (D:5)
  2 leopard gecko skeletons (D:8)
  2 quokka skeletons
  12 rats
  A fungus (Lair:6)
  A plant (Lair:1)
916 creatures vanquished.

Vanquished Creatures (others)
  An orc priest (Orc:2)
  2 orcs (Orc:2)
  7 fungi
  5 plants
  2 starspawn tentacles (Abyss:2)
17 creatures vanquished.

Grand Total: 933 creatures vanquished

Notes
Turn   | Place    | Note
-------+----------+-------------------------------------------
     0 | D:1      | vishdafish the Gnoll Fighter began the quest for the Orb.
     0 | D:1      | Reached XP level 1. HP: 23/23 MP: 1/1
    81 | D:1      | Reached XP level 2. HP: 29/29 MP: 2/2
   125 | D:1      | Found a shattered altar of Ashenzari.
   372 | D:1      | Reached XP level 3. HP: 35/35 MP: 3/3
   703 | D:2      | Reached skill level 1 in Invocations
   825 | D:2      | Reached skill level 1 in Short Blades
   825 | D:2      | Reached skill level 1 in Axes
   825 | D:2      | Reached skill level 1 in Maces & Flails
   825 | D:2      | Reached skill level 1 in Polearms
   825 | D:2      | Reached skill level 1 in Staves
   825 | D:2      | Reached skill level 1 in Slings
   825 | D:2      | Reached skill level 1 in Bows
   825 | D:2      | Reached skill level 1 in Crossbows
   825 | D:2      | Reached skill level 1 in Throwing
   825 | D:2      | Reached skill level 1 in Dodging
   825 | D:2      | Reached skill level 1 in Stealth
   825 | D:2      | Reached skill level 1 in Unarmed Combat
   825 | D:2      | Reached skill level 1 in Spellcasting
   825 | D:2      | Reached skill level 1 in Evocations
   979 | D:2      | Reached XP level 4. HP: 34/41 MP: 5/5
  1367 | D:3      | Found a sparkling altar of Nemelex Xobeh.
  1385 | D:3      | Became a worshipper of Nemelex Xobeh the Trickster
  1420 | D:3      | Noticed a black bear
  1438 | D:3      | Killed a black bear
  1438 | D:3      | Reached skill level 1 in Conjurations
  1438 | D:3      | Reached skill level 1 in Hexes
  1438 | D:3      | Reached skill level 1 in Charms
  1438 | D:3      | Reached skill level 1 in Summonings
  1438 | D:3      | Reached skill level 1 in Necromancy
  1438 | D:3      | Reached skill level 1 in Translocations
  1438 | D:3      | Reached skill level 1 in Transmutations
  1438 | D:3      | Reached skill level 1 in Fire Magic
  1438 | D:3      | Reached skill level 1 in Ice Magic
  1438 | D:3      | Reached skill level 1 in Air Magic
  1438 | D:3      | Reached skill level 1 in Earth Magic
  1438 | D:3      | Reached skill level 1 in Poison Magic
  1438 | D:3      | Reached XP level 5. HP: 21/47 MP: 5/7
  1444 | D:3      | Found an opulent altar of Gozag.
  1492 | D:3      | Fell from the grace of Nemelex Xobeh
  1492 | D:3      | Became a worshipper of Gozag Ym Sagoz the Greedy
  1749 | D:3      | Found a glowing drain.
  1753 | Sewer    | Entered a sewer
  1822 | Sewer    | Reached XP level 6. HP: 51/53 MP: 8/8
  2191 | D:3      | Found a large runed translucent door.
  2192 | D:3      | Found a large runed translucent door.
  2194 | D:3      | Noticed Trampli's ghost (amateur HOFi)
  2382 | D:3      | Killed Trampli's ghost
  2382 | D:3      | Reached skill level 5 in Long Blades
  2522 | D:4      | Reached XP level 7. HP: 59/59 MP: 10/10
  2754 | D:4      | Found a staircase to the Ecumenical Temple.
  2997 | D:4      | Got a crude ring mail
  3008 | D:4      | Identified the +5 ring mail of Contentment {*Drain +Inv
                  | MP+9 Slay+5} (You found it on level 4 of the Dungeon)
  3022 | D:4      | Noticed Pikel
  3052 | D:4      | Killed Pikel
  3052 | D:4      | Reached XP level 8. HP: 22/67 MP: 12/12
  3306 | D:5      | Entered Level 5 of the Dungeon
  3315 | D:5      | Noticed Blork the orc
  3324 | D:5      | Killed Blork the orc
  3695 | D:5      | Reached XP level 9. HP: 72/72 MP: 14/14
  4116 | D:6      | Found a runed translucent door.
  4137 | D:6      | Found a runed translucent door.
  5413 | D:7      | Reached skill level 5 in Invocations
  5744 | D:7      | Noticed Dowan
  5745 | D:7      | Noticed Duvessa
  5763 | D:7      | Killed Duvessa
  5763 | D:7      | Reached XP level 10. HP: 65/80 MP: 17/17
  5766 | D:7      | Killed Dowan
  5951 | D:7      | Noticed Prince Ribbit
  5970 | D:7      | Killed Prince Ribbit
  6011 | D:7      | Noticed a smoke demon
  6016 | D:7      | Killed a smoke demon
  6254 | D:7      | Reached skill level 5 in Short Blades
  6254 | D:7      | Reached skill level 5 in Axes
  6254 | D:7      | Reached skill level 5 in Maces & Flails
  6254 | D:7      | Reached skill level 5 in Polearms
  6254 | D:7      | Reached skill level 5 in Staves
  6254 | D:7      | Reached skill level 5 in Slings
  6254 | D:7      | Reached skill level 5 in Bows
  6254 | D:7      | Reached skill level 5 in Crossbows
  6254 | D:7      | Reached skill level 5 in Throwing
  6254 | D:7      | Reached skill level 5 in Dodging
  6254 | D:7      | Reached skill level 5 in Stealth
  6254 | D:7      | Reached skill level 5 in Unarmed Combat
  6254 | D:7      | Reached skill level 5 in Spellcasting
  6254 | D:7      | Reached skill level 5 in Evocations
  6423 | D:8      | Noticed a cyclops
  6448 | D:8      | Killed a cyclops
  6501 | D:8      | Noticed a thrashing horror
  6501 | D:8      | Cast into level 2 of the Abyss (Lugonu's touch)
  6537 | Abyss:2  | Noticed a tentacled starspawn
  6555 | Abyss:2  | Noticed a thrashing horror
  6556 | Abyss:2  | Noticed a thrashing horror
  6576 | Abyss:2  | Killed a thrashing horror
  6582 | Abyss:2  | Killed a thrashing horror
  6709 | Abyss:2  | Killed a tentacled starspawn
  6709 | Abyss:2  | Reached XP level 11. HP: 79/87 MP: 19/19
  6711 | D:8      | Escaped the Abyss
  6714 | D:8      | Killed a thrashing horror
  6777 | D:8      | Noticed a two-headed ogre
  6811 | D:8      | Killed a two-headed ogre
  6811 | D:8      | Reached skill level 5 in Conjurations
  6811 | D:8      | Reached skill level 5 in Hexes
  6811 | D:8      | Reached skill level 5 in Charms
  6811 | D:8      | Reached skill level 5 in Summonings
  6811 | D:8      | Reached skill level 5 in Necromancy
  6811 | D:8      | Reached skill level 5 in Translocations
  6811 | D:8      | Reached skill level 5 in Transmutations
  6811 | D:8      | Reached skill level 5 in Fire Magic
  6811 | D:8      | Reached skill level 5 in Ice Magic
  6811 | D:8      | Reached skill level 5 in Air Magic
  6811 | D:8      | Reached skill level 5 in Earth Magic
  6811 | D:8      | Reached skill level 5 in Poison Magic
  7179 | D:8      | Found a staircase to the Lair.
  7265 | D:8      | Found a shimmering altar of Xom.
  7475 | D:8      | Found an iron altar of Okawaru.
  7606 | D:9      | Noticed Psyche
  7614 | D:9      | Paralysed by Psyche for 6 turns
  7625 | D:9      | Killed Psyche
  8652 | D:10     | Entered Level 10 of the Dungeon
  8984 | D:10     | Found a sacrificial altar of Ru.
  9581 | D:10     | Noticed a two-headed ogre
  9588 | D:10     | Killed a two-headed ogre
  9696 | D:10     | Gained mutation: You are occasionally teleported next to
                  | monsters. [mutagenic glow]
  9785 | D:10     | Gained mutation: You occasionally shout uncontrollably at
                  | your foes. [mutagenic glow]
  9822 | D:10     | Noticed a two-headed ogre
  9822 | D:10     | Noticed a two-headed ogre
  9835 | D:10     | Killed a two-headed ogre
  9835 | D:10     | Reached XP level 12. HP: 50/96 MP: 22/22
  9853 | D:10     | Killed a two-headed ogre
 10375 | D:10     | Noticed a two-headed ogre
 10381 | D:10     | Killed a two-headed ogre
 10435 | D:11     | Noticed a four-headed hydra
 10491 | D:10     | Killed a four-headed hydra
 10547 | D:11     | Found a gate leading to a gauntlet.
 10552 | Gauntlet | Entered a Gauntlet
 10552 | Gauntlet | Found a runed translucent gate.
 10552 | Gauntlet | Found a transporter.
 10552 | Gauntlet | Found a runed translucent gate.
 10552 | Gauntlet | Found a runed translucent gate.
 10552 | Gauntlet | Found a transporter.
 10797 | Gauntlet | Found a transporter.
 10797 | Gauntlet | Found a transporter.
 10801 | Gauntlet | Found a transporter.
 10801 | Gauntlet | Found a transporter.
 10803 | Gauntlet | Noticed a death scarab
 10838 | Gauntlet | Found a transporter.
 10839 | Gauntlet | Found a transporter.
 10847 | Gauntlet | Found a transporter.
 10865 | Gauntlet | Found the +9 sword of Zonguldrok {reap}
 10866 | Gauntlet | Found a transporter.
 10883 | Gauntlet | Found a transporter.
 10887 | Gauntlet | Found a transporter.
 11542 | Gauntlet | Was forgiven by Nemelex Xobeh
 11739 | Gauntlet | Identified the +6 lajatang of Valiance {freeze, MP+9 Int+3
                  | Stlth+}
 11739 | Gauntlet | Noticed a minotaur
 11748 | Gauntlet | Killed a minotaur
 11748 | Gauntlet | Reached skill level 10 in Fighting
 11748 | Gauntlet | Reached skill level 10 in Armour
 11748 | Gauntlet | Reached skill level 10 in Shields
 11754 | Gauntlet | Identified Assot's Tome of Augmentations
 11754 | Gauntlet | Identified Jotaco's Catalogue of Unstable Lightness
 11755 | Gauntlet | Found the +0 pair of fencer's gloves {Riposte Dex+3}
 11980 | D:11     | Found Syptuv's Weapon Emporium.
 12129 | D:11     | Got a crystal war axe
 12130 | D:11     | Identified the +10 war axe of the Asp {freeze, *Contam
                  | rElec rC+++ Int+3} (You found it on level 11 of the
                  | Dungeon)
 12542 | D:12     | Found a staircase to the Orcish Mines.
 12663 | D:12     | Reached XP level 13. HP: 103/103 MP: 24/24
 13207 | D:12     | Found a portal to a secret trove of treasure.
 13276 | D:12     | Found Plog's Distillery.
 13282 | D:12     | Bought a potion of agility for 60 gold pieces
 13282 | D:12     | Bought a potion of curing for 45 gold pieces
 13282 | D:12     | Bought a potion of curing for 45 gold pieces
 13282 | D:12     | Bought a potion of might for 60 gold pieces
 13282 | D:12     | Bought 2 potions of invisibility for 240 gold pieces
 13933 | D:13     | Found a transporter.
 13935 | D:13     | Noticed HEYYEYAAE's ghost (journeyman OpHu)
 13940 | D:13     | Noticed a sphinx
 14024 | Lair:1   | Entered Level 1 of the Lair of Beasts
 15179 | Lair:2   | Noticed Gastronok
 15192 | Lair:2   | Killed Gastronok
 15933 | Lair:3   | Found a staircase to the Snake Pit.
 16380 | Lair:3   | Reached XP level 14. HP: 106/111 MP: 26/26
 16731 | Lair:4   | Reached skill level 10 in Long Blades
 16870 | Lair:4   | Found a staircase to the Shoals.
 17529 | Lair:5   | Identified the cursed ring of Xom's Absentmindedness {rF+
                  | rN++ EV-3 Str+2 SInv} (You found it on level 5 of the Lair
                  | of Beasts)
 18009 | Lair:5   | Reached skill level 10 in Invocations
 18179 | Lair:6   | Entered Level 6 of the Lair of Beasts
 18342 | Lair:5   | Bought a scroll labeled OXIGRA VEMI for 40 gold pieces
 18342 | Lair:5   | Bought a potion of curing for 120 gold pieces
 18342 | Lair:5   | Bought a shimmering bone amulet for 200 gold pieces
 18342 | Lair:5   | Bought a scroll labeled OXIGRA VEMI for 40 gold pieces
 18342 | Lair:5   | Bought a scroll of teleportation for 120 gold pieces
 18342 | Lair:5   | Bought a potion of curing for 120 gold pieces
 18342 | Lair:5   | Bought a potion of haste for 400 gold pieces
 18342 | Lair:5   | Bought a fizzy grey potion for 36 gold pieces
 18342 | Lair:5   | Bought a scroll labeled UKIKAENGIR for 40 gold pieces
 18348 | Lair:5   | Identified the amulet "Ahi Liuf" {Faith rF+ MR+ Str-5
                  | Int+3} (You bought it in a shop on level 5 of the Lair of
                  | Beasts)
 18814 | Lair:6   | Found a viscous altar of Jiyva.
 18814 | Lair:6   | Found a staircase to the Slime Pits.
 18860 | Lair:6   | Reached XP level 15. HP: 43/119 MP: 28/28
 20378 | Lair:6   | Reached skill level 10 in Short Blades
 20378 | Lair:6   | Reached skill level 10 in Axes
 20378 | Lair:6   | Reached skill level 10 in Maces & Flails
 20378 | Lair:6   | Reached skill level 10 in Polearms
 20378 | Lair:6   | Reached skill level 10 in Staves
 20378 | Lair:6   | Reached skill level 10 in Slings
 20378 | Lair:6   | Reached skill level 10 in Bows
 20378 | Lair:6   | Reached skill level 10 in Crossbows
 20378 | Lair:6   | Reached skill level 10 in Throwing
 20378 | Lair:6   | Reached skill level 10 in Dodging
 20378 | Lair:6   | Reached skill level 10 in Stealth
 20378 | Lair:6   | Reached skill level 10 in Unarmed Combat
 20378 | Lair:6   | Reached skill level 10 in Spellcasting
 20378 | Lair:6   | Reached skill level 10 in Evocations
 20662 | D:12     | Bought a brightly glowing shield for 361 gold pieces
 20662 | D:12     | Identified the +5 shield of the Moon {Str+3} (You bought it
                  | in a shop on level 12 of the Dungeon)
 20683 | D:12     | Lost mutation: You occasionally shout uncontrollably at
                  | your foes. [potion of mutation]
 20683 | D:12     | Lost mutation: You are occasionally teleported next to
                  | monsters. [potion of mutation]
 20683 | D:12     | Gained mutation: Your muscles are strong. (Str +2) [potion
                  | of mutation]
 20683 | D:12     | Gained mutation: You have a pair of small horns on your
                  | head. [potion of mutation]
 20712 | Orc:1    | Entered Level 1 of the Orcish Mines
 20890 | Orc:1    | Found a runed translucent gate.
 20890 | Orc:1    | Found a runed translucent gate.
 20890 | Orc:1    | Found a runed translucent gate.
 20890 | Orc:1    | Noticed Tolax's ghost (journeyman OgTm)
 20891 | Orc:1    | Noticed Kaapibboa's ghost (journeyman TeMo)
 21067 | Orc:1    | Killed Tolax's ghost
 21078 | Orc:1    | Killed Kaapibboa's ghost
 21107 | Orc:1    | Got a fine plate armour
 21128 | Orc:2    | Entered Level 2 of the Orcish Mines
 21300 | Orc:2    | Noticed Azrael
 21315 | Orc:2    | Killed Azrael
 21330 | Orc:2    | Found a roughly hewn altar of Beogh.
 21418 | Orc:2    | Found Nefemequahy's General Store.
 21418 | Orc:2    | Found Oquon's Weapon Shoppe.
 21471 | Orc:2    | Bought a scroll of fear for 45 gold pieces
 21471 | Orc:2    | Bought a scroll of identify for 26 gold pieces
 21471 | Orc:2    | Identified the cursed +1 plate armour of Resilience {rN+
                  | Str+4} (You found it on level 1 of the Orcish Mines)
 21493 | Orc:2    | Reached XP level 16. HP: 87/127 MP: 30/30
 21564 | Orc:2    | Found a staircase to the Elven Halls.
 21844 | Orc:2    | Found Zialacem's General Store.
 21849 | Orc:2    | Found Riyseoci's Food Shoppe.
 21924 | Orc:2    | Bought a scroll of teleportation for 39 gold pieces
 21924 | Orc:2    | Bought a scroll of teleportation for 39 gold pieces
 21924 | Orc:2    | Bought a potion of resistance for 130 gold pieces
 21924 | Orc:2    | Bought a scroll of blinking for 97 gold pieces
 22587 | D:13     | Found a transporter.
 22691 | D:13     | Killed HEYYEYAAE's ghost
 22693 | D:13     | Paralysed by a sphinx for 6 turns
 22698 | D:13     | HP: 5/127 [efreet/bolt of fire (6)]
 22699 | D:13     | Slain by a gargoyle

Skill      XL: |  1  2  3  4  5  6  7  8  9 10 11 12 13 14 15 16 |
---------------+-------------------------------------------------+-----
Invocations    | 1 2 3 4 5 6 7 8 9 10 11 | 11.4
Short Blades   | 1 2 3 4 5 6 7 8 9 10 | 10.5
Axes           | 1 2 3 4 5 6 7 8 9 10 | 10.5
Maces & Flails | 1 2 3 4 5 6 7 8 9 10 | 10.5
Polearms       | 1 2 3 4 5 6 7 8 9 10 | 10.5
Staves         | 1 2 3 4 5 6 7 8 9 10 | 10.5
Slings         | 1 2 3 4 5 6 7 8 9 10 | 10.5
Bows           | 1 2 3 4 5 6 7 8 9 10 | 10.5
Crossbows      | 1 2 3 4 5 6 7 8 9 10 | 10.5
Throwing       | 1 2 3 4 5 6 7 8 9 10 | 10.5
Dodging        | 1 2 3 4 5 6 7 8 9 10 | 10.5
Stealth        | 1 2 3 4 5 6 7 8 9 10 | 10.5
Unarmed Combat | 1 2 3 4 5 6 7 8 9 10 | 10.5
Spellcasting   | 1 2 3 4 5 6 7 8 9 10 | 10.5
Evocations     | 1 2 3 4 5 6 7 8 9 10 | 10.5
Conjurations   | 1 2 3 4 5 6 7 8 9 |  9.0
Hexes          | 1 2 3 4 5 6 7 8 9 |  9.0
Charms         | 1 2 3 4 5 6 7 8 9 |  9.0
Summonings     | 1 2 3 4 5 6 7 8 9 |  9.0
Necromancy     | 1 2 3 4 5 6 7 8 9 |  9.0
Translocations | 1 2 3 4 5 6 7 8 9 |  9.0
Transmutations | 1 2 3 4 5 6 7 8 9 |  9.0
Fire Magic     | 1 2 3 4 5 6 7 8 9 |  9.0
Ice Magic      | 1 2 3 4 5 6 7 8 9 |  9.0
Air Magic      | 1 2 3 4 5 6 7 8 9 |  9.0
Earth Magic    | 1 2 3 4 5 6 7 8 9 |  9.0
Poison Magic   | 1 2 3 4 5 6 7 8 9 |  9.0
Long Blades    | 5 6 7 8 9 10 11 | 11.4
Fighting       | 7 8 9 10 11 12 | 12.2
Armour         | 7 8 9 10 11 12 | 12.2
Shields        | 7 8 9 10 11 12 | 12.2

Action                   |  1- 3 |  4- 6 |  7- 9 | 10-12 | 13-15 | 16-18 || total
-------------------------+-------+-------+-------+-------+-------+-------++-------
Melee: Long sword        |    98 |   156 |   342 |   199 |       |       ||   795
       Bite              |     8 |    35 |    50 |    91 |   203 |    35 ||   422
       Unarmed           |       |       |     8 |       |       |       ||     8
       Broad axe         |       |       |       |   289 |       |       ||   289
       Double sword      |       |       |       |    86 |   774 |   186 ||  1046
       Headbutt          |       |       |       |       |    62 |    61 ||   123
Throw: Javelin           |       |     1 |       |    10 |    58 |       ||    69
Invok: Call Merchant     |       |       |       |       |     4 |       ||     4
 Abil: Evoke Invisibilit |       |       |       |       |     1 |       ||     1
Evoke: Wand              |       |       |       |    15 |     7 |       ||    22
  Use: Potion            |       |     2 |       |     9 |     2 |       ||    13
       Scroll            |       |       |     7 |     5 |    15 |       ||    27
 Stab: Distracted        |       |     1 |     2 |     4 |    11 |     6 ||    24
       Sleeping          |       |       |     3 |    12 |    16 |     1 ||    32
       Paralysed         |       |       |       |     8 |     2 |       ||    10
       Invisible         |       |       |       |       |     5 |       ||     5
  Eat: Chunk             |       |     2 |       |       |       |       ||     2
       Ration            |       |     1 |     4 |    10 |    10 |     2 ||    27
Armor: Scale mail        |    38 |    50 |    14 |       |       |       ||   102
       Ring mail         |       |       |    81 |   205 |   137 |    25 ||   448
Dodge: Dodged            |    29 |    65 |   147 |   454 |   544 |    70 ||  1309
Block: Shield            |    47 |   101 |   189 |   432 |   537 |   155 ||  1461
       Rpst.: Long sword |    16 |    15 |    45 |    20 |       |       ||    96
       Double sword      |       |       |       |    13 |   265 |    33 ||   311
